[Event "Titled Tuesday Blitz June 21 Late 2022"]
[White "Flynn, Jacob"]
[Black "Goltseva, Ekaterina"]
[WhiteFideId "2509393"]
[BlackFideId "24173770"]
[WhiteElo "1896"]
[BlackElo "2086"]
[Result "0-1"]
[Round "07"]
[TimeControl "180+1"]
[Date "2022.06.22"]
[WhiteClock "0:00:19"]
[BlackClock "0:00:19"]

1. d4 Nf6 2. c4 e6 3. g3 d5 4. Bg2 Bb4+ 5. Nd2 Be7 6. Ngf3 O-O 7. O-O Nc6 8. Qc2 dxc4 9. Nxc4 Nxd4 10. Nxd4 Qxd4 11. Rd1 Qg4 12. Bf3 Qg6 13. Qb3 c6 14. Be3 Nd5 15. a4 Bf6 16. a5 a6 17. Bc5 Re8 18. Nd6 Rd8 19. Nxc8 Raxc8 20. Qxb7 Rb8 21. Qxa6 Bxb2 22. Bg2 Bxa1 23. Rxa1 Rb1+ 24. Rxb1 Qxb1+ 25. Bf1 Nc3 26. Qxc6 Nxe2+ 27. Kg2 Qc2 28. a6 Nd4 29. Qc7 Qe4+ 30. Kh3 Re8 31. a7 Nf3 32. Qf4 Ng1+ 33. Kg4 Qg6+ 34. Kh4 e5 35. Qxe5 Nf3+ 36. Kh3 Nxe5 0-1


[Site "https://www.chess.com"]

[Event "Titled Tuesday Blitz June 21 Late 2022"]
[White "Golubev, Mikhail"]
[Black "Wagner, Dennis"]
[WhiteFideId "14100983"]
[BlackFideId "24650684"]
[WhiteElo "2374"]
[BlackElo "2355"]
[Result "0-1"]
[Round "07"]
[TimeControl "180+1"]
[Date "2022.06.21"]
[WhiteClock "0:00:01"]
[BlackClock "0:00:20"]

1. e4 c5 2. Nf3 d6 3. d4 cxd4 4. Nxd4 Nf6 5. Nc3 a6 6. Bc4 e6 7. Bb3 Nbd7 8. f4 Nc5 9. Qf3 Be7 10. Be3 Qc7 11. O-O O-O 12. g4 b5 13. g5 Nfxe4 14. Nxe4 Bb7 15. Nxe6 Nxe6 16. Rad1 Nc5 17. Bd5 Bxd5 18. Rxd5 Nxe4 19. Qxe4 Rfe8 20. Qd3 Rac8 21. c3 Bf8 22. a3 Qd7 23. f5 Rc4 24. Bf4 Rce4 25. Bxd6 Rg4+ 26. Bg3 Qa7+ 27. Kg2 Qb7 28. Qf3 Rxg5 29. Rd2 Qb6 30. h4 Re3 31. hxg5 Rxf3 32. Rxf3 h6 33. gxh6 gxh6 34. Bf4 Bg7 35. Rg3 Kh7 36. Kh2 Qf6 37. Rdg2 Qh4+ 38. Kg1 Bf8 39. Rf3 Bc5+ 40. Be3 Qe1+ 41. Kh2 Bxe3 42. f6 Qh4+ 0-1


[Site "https://www.chess.com"]

[Event "Titled Tuesday Blitz June 21 Late 2022"]
[White "Grischuk, Alexander"]
[Black "Andreikin, Dmitry"]
[WhiteFideId "4126025"]
[BlackFideId "4158814"]
[WhiteElo "2762"]
[BlackElo "2736"]
[Result "1/2-1/2"]
[Round "07"]
[TimeControl "180+1"]
[Date "2022.06.21"]
[WhiteClock "0:00:13"]
[BlackClock "0:00:10"]

1. d4 Nf6 2. c4 e6 3. Nc3 d5 4. cxd5 exd5 5. Bg5 c6 6. Qc2 Be7 7. e3 O-O 8. Bd3 h6 9. Bh4 Nh5 10. Bxe7 Qxe7 11. Nge2 Nd7 12. g4 Nhf6 13. h3 b5 14. Ng3 Nb6 15. Nce2 Bd7 16. b3 Rac8 17. Qc5 Qxc5 18. dxc5 Na8 19. a4 b4 20. a5 Nc7 21. Kd2 Ne6 22. Rac1 Ng5 23. Nd4 Rfe8 24. f3 g6 25. h4 Ne6 26. Nxe6 Bxe6 27. Ne2 h5 28. g5 Nd7 29. Nd4 Ne5 30. Ra1 Bd7 31. Ra4 Rb8 32. a6 Rf8 33. Be2 f6 34. f4 Ng4 35. Bxg4 hxg4 36. Nc2 fxg5 37. hxg5 Bf5 38. Rxb4 Bxc2 39. Rxb8 Rxb8 40. Kxc2 Rb5 41. Rg1 Rxc5+ 42. Kd3 Ra5 43. Rxg4 Rxa6 44. Rg1 Rb6 45. Kc3 a5 46. Rh1 Kg7 47. Rh2 Rb4 48. Rh1 Re4 49. Kd3 Rb4 50. Kc3 Re4 51. Kd3 Rb4 52. Kc3 1/2-1/2


[Site "https://www.chess.com"]

[Event "Titled Tuesday Blitz June 21 Late 2022"]
[White "Gubajdullin, Alexei"]
[Black "Garriga Cazorla, Pere"]
[WhiteFideId "4141202"]
[BlackFideId "32011601"]
[WhiteElo "2280"]
[BlackElo "2433"]
[Result "0-1"]
[Round "07"]
[TimeControl "180+1"]
[Date "2022.06.21"]
[WhiteClock "0:00:02"]
[BlackClock "0:00:09"]

1. c4 c5 2. Nf3 Nc6 3. g3 g6 4. Bg2 Bg7 5. O-O d6 6. Nc3 e6 7. a3 Nge7 8. Rb1 b6 9. b4 Bb7 10. b5 Na5 11. Qa4 d5 12. cxd5 exd5 13. Qh4 h6 14. Bb2 g5 15. Qh5 d4 16. Nd1 Be4 17. d3 Bg6 18. Qh3 f5 19. g4 O-O 20. Nd2 Rc8 21. f4 fxg4 22. Qxg4 Bf5 23. Qg3 g4 24. Nf2 h5 25. h3 gxh3 26. Bxh3 Rf6 27. Kh2 Rg6 28. Qf3 Bxh3 29. Nxh3 Nf5 30. Rg1 Rxg1 31. Rxg1 Qf6 32. Qxh5 Rf8 33. Ne4 Qh6 34. Qg4 Ne3 35. Qd7 Nb3 36. Ng5 Rxf4 37. Qe8+ Rf8 38. Qe6+ Qxe6 39. Nxe6 Rf7 40. Nhf4 Re7 41. Nxg7 Rxg7 42. Rxg7+ Kxg7 43. Ne6+ Kf6 44. Nd8 Nd1 45. Nc6 Nxb2 46. Nxa7 Nc1 47. Nc8 Na4 48. Nd6 Nxe2 49. Ne4+ Ke5 50. Ng5 Nc1 51. Nf7+ Kf4 52. Nd8 Nxd3 53. Nc6 Ne5 54. Kg2 d3 55. Kf2 c4 0-1


[Site "https://www.chess.com"]

[Event "Titled Tuesday Blitz June 21 Late 2022"]
[White "Guz, Ari"]
[Black "Bortnyk, Olexandr"]
[WhiteFideId "2825759"]
[BlackFideId "14120828"]
[WhiteElo "1913"]
[BlackElo "2723"]
[Result "1-0"]
[Round "07"]
[TimeControl "180+1"]
[Date "2022.06.21"]
[WhiteClock "0:00:09"]
[BlackClock "0:00:04"]

1. e4 d6 2. d4 Nf6 3. Nc3 Nbd7 4. Nf3 e5 5. Bc4 Be7 6. Be3 Ng4 7. Bc1 Ngf6 8. h3 h6 9. Be3 c6 10. a4 Qc7 11. Qe2 Nf8 12. O-O g5 13. Nh2 Ng6 14. Rad1 Nf4 15. Bxf4 gxf4 16. Kh1 Rg8 17. d5 c5 18. Bb5+ Kf8 19. Qd2 Nh7 20. Be2 Bd7 21. Bg4 Be8 22. Bf5 Nf6 23. g3 Bd7 24. gxf4 Bxf5 25. exf5 e4 26. f3 exf3 27. Qd3 Qd7 28. Rxf3 h5 29. Rg1 Rxg1+ 30. Kxg1 Bd8 31. Rg3 c4 32. Qxc4 Qxf5 33. Nb5 Bb6+ 34. Kg2 Nxd5 35. Nf1 Nxf4+ 36. Kh1 Nxh3 37. Nxd6 Qf2 38. Rg2 Qf4 39. Qxf4 Nxf4 40. Rd2 Rd8 41. Nxb7 Rxd2 42. Nxd2 h4 43. a5 Be3 44. Nc4 Bf2 45. b4 h3 46. b5 Bg3 47. b6 a6 48. Nbd6 h2 49. Ne4 1-0


[Site "https://www.chess.com"]

[Event "Titled Tuesday Blitz June 21 Late 2022"]
[White "Harvey, Marcus R"]
[Black "Wartiovaara, Oliver"]
[WhiteFideId "400092"]
[BlackFideId "513024"]
[WhiteElo "2485"]
[BlackElo "1971"]
[Result "0-1"]
[Round "07"]
[TimeControl "180+1"]
[Date "2022.06.22"]
[WhiteClock "0:00:17"]
[BlackClock "0:00:10"]

1. d4 Nf6 2. c4 g6 3. Nc3 d5 4. Qb3 dxc4 5. Qxc4 Bg7 6. e4 O-O 7. h3 a6 8. Be3 b5 9. Qd3 Bb7 10. a3 Nbd7 11. Nf3 c5 12. dxc5 Rc8 13. Rd1 Qc7 14. b4 Ne5 15. Nxe5 Qxe5 16. Bd4 Qe6 17. Be2 Rfd8 18. Qe3 Nxe4 19. Nxe4 Bxd4 20. Rxd4 Rxd4 21. Qxd4 Qxe4 22. Qxe4 Bxe4 23. f3 Bc6 24. Kf2 Rd8 25. Rd1 Rxd1 26. Bxd1 e5 27. g3 Kf8 28. f4 e4 29. g4 f5 30. gxf5 gxf5 31. Bb3 Ke7 32. Bg8 h6 33. Ke3 Kf6 34. Bb3 Ke7 35. Kd4 Kf6 36. Bd1 Bb7 37. a4 Bc6 38. axb5 axb5 39. Bb3 Bb7 40. Bd1 Bc6 41. Bh5 Ke6 42. Bg6 Kf6 43. Bh7 Ke6 44. Bg8+ Kf6 45. Ba2 Bb7 46. h4 Bc6 47. Bb3 Bb7 48. Bd1 Bc6 49. Bh5 Ke6 50. Bg6 Kf6 51. Bh7 Bb7 52. Bg8 Bc6 53. Ba2 Bb7 54. Ke3 Bc6 55. Bb1 Bb7 56. Bc2 Bc6 57. Bd1 Bb7 58. Bh5 Bc6 59. Be2 Ke6 60. Bd1 Kf6 61. Bb3 Bb7 62. h5 Bc6 63. Kd4 Bb7 64. Bg8 Bc6 65. Bh7 Ke6 66. Bg6 Kf6 67. Ke3 Bd7 68. Bh7 Bc6 69. Bg8 Bb7 70. Bb3 Bc6 71. Kd4 Bb7 72. Bd5 Bxd5 73. Kxd5 e3 74. c6 e2 75. c7 e1=Q 76. c8=Q Qe4+ 77. Kd6 Qxf4+ 78. Kd7 Qd4+ 79. Ke8 Qe5+ 80. Kd7 Qe6+ 81. Kc7 Qxc8+ 82. Kxc8 f4 83. Kc7 f3 0-1


[Site "https://www.chess.com"]

[Event "Titled Tuesday Blitz June 21 Late 2022"]
[White "Hnydiuk, Aleksander"]
[Black "Martinez Alcantara, Jose Eduardo"]
[WhiteFideId "1109057"]
[BlackFideId "3805662"]
[WhiteElo "2374"]
[BlackElo "2703"]
[Result "0-1"]
[Round "07"]
[TimeControl "180+1"]
[Date "2022.06.21"]
[WhiteClock "0:01:38"]
[BlackClock "0:02:36"]

1. e4 c5 2. Nf3 d6 3. d4 cxd4 4. Nxd4 Nf6 5. Nc3 Nc6 6. f3 e5 7. Nb3 Be6 8. Be3 Be7 9. Qd2 d5 10. exd5 Nxd5 11. Nxd5 Qxd5 12. Qxd5 Bxd5 13. O-O-O O-O-O 14. Be2 b6 15. Rd2 Be6 16. Rhd1 Rxd2 17. Rxd2 Kc7 18. c3 h6 19. Kc2 Bg5 20. Bxg5 hxg5 21. h3 Ne7 22. Nc1 Nd5 23. Bd3 Rd8 24. Ne2 Ne3+ 25. Kc1 Nf1 26. Rd1 Ne3 27. Rd2 Nxg2 0-1


[Site "https://www.chess.com"]

[Event "Titled Tuesday Blitz June 21 Late 2022"]
[White "Hoffmann, Asa"]
[Black "Bachmann, Axel"]
[WhiteFideId "2001470"]
[BlackFideId "3700488"]
[WhiteElo "2117"]
[BlackElo "2587"]
[Result "0-1"]
[Round "07"]
[TimeControl "180+1"]
[Date "2022.06.22"]
[WhiteClock "0:00:01"]
[BlackClock "0:00:15"]

1. d4 Nf6 2. Bg5 g6 3. Nc3 Bg7 4. e4 d6 5. f3 Nbd7 6. Qd2 c6 7. O-O-O e5 8. dxe5 dxe5 9. Bc4 Qe7 10. Nge2 b5 11. Bb3 Bb7 12. a4 a6 13. h4 O-O-O 14. g4 Nc5 15. Qe3 Nxb3+ 16. cxb3 Qb4 17. Qa7 Qxb3 18. h5 b4 19. Nb1 Qc4+ 20. Nbc3 bxc3 21. Nxc3 Rd4 22. h6 Nxe4 23. fxe4 Rxe4 24. hxg7 Rg8 25. Bf6 Rf4 26. g5 Rf3 27. Qb6 Rxc3+ 28. Kb1 Rc2 29. Qd8+ Rxd8 0-1


[Site "https://www.chess.com"]

[Event "Titled Tuesday Blitz June 21 Late 2022"]
[White "Holt, Conrad"]
[Black "Hansen, Eric"]
[WhiteFideId "2034387"]
[BlackFideId "2606771"]
[WhiteElo "2586"]
[BlackElo "2568"]
[Result "0-1"]
[Round "07"]
[TimeControl "180+1"]
[Date "2022.06.21"]
[WhiteClock "0:00:30"]
[BlackClock "0:00:22"]

1. d4 Nf6 2. c4 e6 3. Nc3 Bb4 4. Qc2 d5 5. cxd5 exd5 6. Bg5 O-O 7. e3 h6 8. Bh4 Re8 9. a3 Be7 10. Bd3 Nbd7 11. Nge2 c6 12. O-O Nh5 13. Bxe7 Qxe7 14. b4 Nb6 15. b5 Bd7 16. a4 Nf6 17. a5 Nc4 18. a6 cxb5 19. axb7 Rab8 20. Rxa7 Bc6 21. Rfa1 Rxb7 22. R7a6 Rc7 23. Qb1 Rb8 24. Nf4 Nxe3 25. Bxb5 Bxb5 26. Nxb5 Rcb7 27. Ra8 Qe8 28. Rxb8 Rxb8 29. Qe1 Nc2 30. Qxe8+ Nxe8 31. Ra5 Nxd4 32. Nc3 Rc8 33. Nfxd5 Kf8 34. g3 Nd6 35. Ra4 Nc2 36. Kg2 Ne1+ 37. Kf1 Nf3 38. h4 Nd2+ 39. Kg2 N2c4 40. Ra7 Re8 41. Nc7 Rc8 42. N3d5 h5 43. Ra2 Ne5 44. Rc2 Nd3 45. Nb6 Ne1+ 46. Kf1 Nxc2 47. Nxc8 Nxc8 48. Ke2 Nd4+ 49. Kd3 Ne6 50. Nd5 Ne7 51. Ne3 Ke8 52. Ke4 Kd7 53. Ke5 Nc6+ 54. Kf5 Ke7 55. Nd5+ Kd6 56. Ne3 Ncd4+ 57. Ke4 g6 58. Nc4+ Ke7 59. Ne5 Nf5 60. Nc6+ Kd6 61. Ne5 Nh6 62. Nc4+ Ke7 63. Ne5 Nc5+ 64. Kd5 Nd7 65. Nc6+ Kf6 66. Ke4 Ng4 67. Kf3 Nde5+ 68. Kf4 Nxc6 69. f3 Nh2 70. g4 Ne5 71. g5+ Ke6 72. Ke4 Nhxf3 73. Kf4 Nxh4 74. Kg3 Nhf3 75. Kf4 Kd5 76. Kg3 Nxg5 77. Kh4 f6 78. Kg3 Ke4 79. Kh4 Nef3+ 80. Kg3 Kf5 81. Kg2 Kg4 82. Kf2 Kh3 83. Ke2 Kg2 84. Ke3 h4 85. Kf4 h3 86. Ke3 h2 87. Kf4 Nh3+ 88. Ke3 g5 89. Ke4 g4 90. Kf5 g3 91. Kg6 Kf2 92. Kg7 f5 93. Kf7 f4 94. Kf6 g2 95. Kf5 h1=Q 96. Ke4 g1=Q 97. Kf5 Qg5+ 98. Ke4 Qe1+ 99. Kd3 Qd5+ 100. Kc2 Qee4+ 101. Kb2 Qb4+ 102. Ka1 Qd1+ 103. Ka2 Qdb1# 0-1


[Site "https://www.chess.com"]

[Event "Titled Tuesday Blitz June 21 Late 2022"]
[White "Ibarra Jerez, Jose Carlos"]
[Black "Sargsyan, Anna M."]
[WhiteFideId "2226332"]
[BlackFideId "13308130"]
[WhiteElo "2628"]
[BlackElo "2271"]
[Result "1-0"]
[Round "07"]
[TimeControl "180+1"]
[Date "2022.06.21"]
[WhiteClock "0:00:15"]
[BlackClock "0:00:02"]

1. e4 c6 2. Nf3 d5 3. d3 Bg4 4. h3 Bxf3 5. Qxf3 g6 6. g3 Bg7 7. Bg2 e6 8. O-O Ne7 9. Qe2 O-O 10. Nd2 Nd7 11. f4 f5 12. exf5 exf5 13. Nf3 h6 14. Kh2 Kh7 15. Bd2 Ng8 16. c3 Qb6 17. Be3 Qc7 18. Rae1 Rae8 19. Qf2 b6 20. Bd4 Bxd4 21. Nxd4 Qd6 22. Re3 Ngf6 23. Rfe1 Rxe3 24. Rxe3 Re8 25. Rxe8 Nxe8 26. Qe3 Ng7 27. Bf3 Kg8 28. c4 Kf7 29. Nxc6 dxc4 30. dxc4 Kf8 31. Nxa7 Qb4 32. b3 Qa3 33. Nc8 Qxa2+ 34. Bg2 Nc5 35. Nxb6 Nxb3 36. c5 Nd2 37. Qd3 Ne6 38. Nd7+ Kg7 39. c6 g5 40. Ne5 gxf4 41. gxf4 Nxf4 42. Qg3+ Kf6 43. Nd7+ Ke7 44. Qxf4 Ne4 45. Qxf5 Nf6 46. Qxf6+ 1-0


[Site "https://www.chess.com"]

[Event "Titled Tuesday Blitz June 21 Late 2022"]
[White "Ivic, Velimir"]
[Black "Chigaev, Maksim"]
[WhiteFideId "950122"]
[BlackFideId "4108116"]
[WhiteElo "2610"]
[BlackElo "2457"]
[Result "1-0"]
[Round "07"]
[TimeControl "180+1"]
[Date "2022.06.21"]
[WhiteClock "0:01:29"]
[BlackClock "0:00:08"]

1. e4 c5 2. Nf3 d6 3. d4 cxd4 4. Nxd4 Nf6 5. Nc3 a6 6. Rg1 h5 7. Bg5 b5 8. Qe2 Nbd7 9. O-O-O Bb7 10. f4 b4 11. Nd5 Qa5 12. Nb3 Qd8 13. Qe1 e6 14. Qxb4 Rb8 15. Nxf6+ gxf6 16. Bh4 Be7 17. Bd3 Rg8 18. h3 Qc7 19. g4 hxg4 20. hxg4 d5 21. Qe1 Qxf4+ 22. Kb1 dxe4 23. Bg3 Qxg4 24. Be2 Qf5 25. Bxb8 Rxg1 26. Qxg1 Nxb8 27. Qb6 1-0


[Site "https://www.chess.com"]

[Event "Titled Tuesday Blitz June 21 Late 2022"]
[White "Jian, Alex"]
[Black "Vu, Bui Thi Thanh Van"]
[WhiteFideId "30901022"]
[BlackFideId "12408921"]
[WhiteElo "2111"]
[BlackElo "1602"]
[Result "1-0"]
[Round "07"]
[TimeControl "180+1"]
[Date "2022.06.22"]
[WhiteClock "0:00:07"]
[BlackClock "0:00:12"]

1. Nf3 e6 2. g4 d5 3. h4 Nf6 4. g5 Ne4 5. d3 Nd6 6. b3 Nf5 7. Bb2 d4 8. Nbd2 c5 9. Bh3 Nd6 10. c3 Nb5 11. cxd4 cxd4 12. Qc2 Nc6 13. a3 Bd7 14. b4 Rc8 15. Qb3 Bd6 16. Ne4 Bf4 17. a4 Nd6 18. Nc5 O-O 19. O-O b6 20. Nxd7 Qxd7 21. Nxd4 Nxd4 22. Bxd4 Nf5 23. Bxf5 Qxd4 24. Be4 Bb8 25. e3 Qd6 26. f4 Kh8 27. Rac1 f5 28. Bg2 e5 29. Qd5 Qxb4 30. Rxc8 Rxc8 31. Qe6 Rf8 32. fxe5 Qxh4 33. Rxf5 Qe1+ 34. Kh2 Qh4+ 35. Kg1 Qe1+ 36. Kh2 Qh4+ 37. Bh3 Rg8 38. Rf4 Qxg5 39. Qxg8+ Kxg8 40. Be6+ Kh8 41. Rf8# 1-0


[Site "https://www.chess.com"]

[Event "Titled Tuesday Blitz June 21 Late 2022"]
[White "Jiganchine, Roman"]
[Black "Gallegos Diaz, Carlos Alberto"]
[WhiteFideId "2603667"]
[BlackFideId "3900886"]
[WhiteElo "2240"]
[BlackElo "2362"]
[Result "1-0"]
[Round "07"]
[TimeControl "180+1"]
[Date "2022.06.22"]
[WhiteClock "0:00:13"]
[BlackClock "0:00:08"]

1. Nf3 d6 2. d4 Nf6 3. Nc3 c6 4. e4 Qa5 5. Bd3 e5 6. O-O Be7 7. Re1 O-O 8. h3 Re8 9. Be3 Nbd7 10. Ne2 d5 11. Ng3 dxe4 12. Nxe4 Nxe4 13. Bxe4 Nf6 14. Bd2 Qb6 15. dxe5 Nxe4 16. Rxe4 Qxb2 17. Rb1 Qxa2 18. Ra1 Qe6 19. Bc3 c5 20. Rg4 h6 21. Nh2 b5 22. Rg3 b4 23. Bb2 a5 24. Ng4 Kh8 25. Qf3 Bd7 26. Nf6 Bc6 27. Qh5 Bf8 28. Re1 a4 29. Nxe8 Rxe8 30. f4 a3 31. f5 Qd5 32. Ba1 Qd4+ 33. Bxd4 cxd4 34. f6 g6 35. Rxg6 fxg6 36. Qxg6 Bc5 37. Kh2 1-0


[Site "https://www.chess.com"]

[Event "Titled Tuesday Blitz June 21 Late 2022"]
[White "Jobava, Baadur"]
[Black "Tari, Aryan"]
[WhiteFideId "13601520"]
[BlackFideId "1510045"]
[WhiteElo "2617"]
[BlackElo "2567"]
[Result "0-1"]
[Round "07"]
[TimeControl "180+1"]
[Date "2022.06.21"]
[WhiteClock "0:01:52"]
[BlackClock "0:00:17"]

1. b3 e5 2. Bb2 Nc6 3. Nf3 e4 4. Nd4 Qf6 5. e3 Bc5 6. Nb5 Qxb2 7. N1c3 Nb4 8. Rb1 Qxc2 9. Nxc7+ Kd8 10. Nxa8 Qxd1+ 11. Kxd1 Nf6 12. a3 Nd3 13. Bxd3 exd3 14. b4 Bd6 15. f3 b6 16. Na4 Bb7 17. N8xb6 axb6 18. Nxb6 Bc7 19. Na4 d6 20. Nb2 g5 21. h3 Kd7 22. Nxd3 Ra8 23. Ra1 Ba6 24. Ke2 Bc4 25. Rhc1 d5 26. a4 Bd6 27. b5 Nh5 28. Rc3 Bxb5 29. Kf2 Rxa4 30. Rb1 Bc4 31. Nb2 Rb4 32. Rcc1 Ba2 33. g4 Nf6 34. Ke2 Bxb1 35. Rxb1 Rb3 36. Kd1 Ba3 37. Kc2 Rxb2+ 38. Rxb2 Bxb2 39. Kxb2 Kd6 40. Kc3 Ke5 41. d4+ Kd6 42. Kd3 Nd7 43. e4 f6 44. Ke3 Nb6 45. Kd3 h6 46. Ke3 Nc4+ 47. Kd3 Ke6 48. Ke2 Nd6 49. Ke3 Nb5 50. Kd3 Na3 51. Kc3 Nc4 52. Kd3 Kd6 53. Ke2 Kc6 54. Kd3 Kb5 55. exd5 Nd6 56. Kc3 Ka4 57. Kd3 Kb4 58. Ke3 Kc4 59. f4 Kxd5 60. fxg5 hxg5 61. Kd3 Nb5 62. Ke3 Nxd4 63. Kf2 Ke4 64. Kg3 Nf3 65. h4 Nxh4 66. Kh3 Kf3 0-1


[Site "https://www.chess.com"]

[Event "Titled Tuesday Blitz June 21 Late 2022"]
[White "Jovic, Stanoje"]
[Black "Rosenberg, Evan S"]
[WhiteFideId "905020"]
[BlackFideId "2019299"]
[WhiteElo "2286"]
[BlackElo "2339"]
[Result "1-0"]
[Round "07"]
[TimeControl "180+1"]
[Date "2022.06.22"]
[WhiteClock "0:00:17"]
[BlackClock "0:00:06"]

1. c4 e6 2. g3 d5 3. Bg2 Nf6 4. Nf3 c6 5. O-O Nbd7 6. b3 Be7 7. Bb2 O-O 8. d3 b6 9. Qc2 Bb7 10. e4 Rc8 11. e5 Ne8 12. h4 c5 13. Nbd2 d4 14. Rae1 Qc7 15. Bc1 g6 16. h5 Ng7 17. h6 Nf5 18. Ne4 Bc6 19. g4 Nh4 20. Nxh4 Bxh4 21. g5 Nxe5 22. Qd1 f5 23. Nf6+ Rxf6 24. gxf6 Bxg2 25. Kxg2 Qc6+ 26. f3 Bxf6 27. Bf4 Nf7 28. Rh1 g5 29. Bd2 g4 30. Reg1 Kh8 31. Kf2 Ne5 32. fxg4 Nxg4+ 33. Kf1 Rg8 34. Qe2 Rg6 35. Ke1 e5 36. Kd1 e4 37. Rh5 e3 38. Be1 Qe6 39. Rf1 Nf2+ 40. Bxf2 Rg2 41. Qf3 Rxf2 42. Qa8+ Qg8 43. Qxg8+ Kxg8 44. Rxf2 exf2 45. Rxf5 Bh4 46. Ke2 a6 47. Kf1 b5 48. Kg2 bxc4 49. bxc4 a5 50. Kf1 a4 51. Kg2 a3 52. Kf1 Be7 53. Rxf2 Bf8 54. Rg2+ Kf7 55. Rh2 Kg6 56. Re2 Bxh6 57. Re6+ Kg7 58. Ra6 Bc1 59. Ra5 Bb2 60. Rxc5 Kg6 61. Rd5 h5 62. c5 h4 63. c6 h3 64. c7 Bc1 65. c8=Q Be3 66. Qg4+ Kf6 67. Qf5+ Ke7 68. Rd7+ Ke8 69. Qf7# 1-0


[Site "https://www.chess.com"]

[Event "Titled Tuesday Blitz June 21 Late 2022"]
[White "Kamsky, Gata"]
[Black "Yoo, Christopher Woojin"]
[WhiteFideId "2000024"]
[BlackFideId "30909694"]
[WhiteElo "2645"]
[BlackElo "2105"]
[Result "1-0"]
[Round "07"]
[TimeControl "180+1"]
[Date "2022.06.21"]
[WhiteClock "0:01:29"]
[BlackClock "0:00:02"]

1. d4 Nf6 2. Nf3 d5 3. Bf4 c5 4. e3 Nc6 5. c3 Bg4 6. Qb3 Qc8 7. Ne5 c4 8. Qa4 Bd7 9. Nxd7 Nxd7 10. b3 e5 11. Bxe5 Ndxe5 12. dxe5 cxb3 13. axb3 Be7 14. Bb5 O-O 15. Bxc6 bxc6 16. O-O c5 17. Nd2 Qf5 18. Nf3 Rfb8 19. Rfd1 Qe6 20. b4 Rb6 21. bxc5 Bxc5 22. Qa5 Rc6 23. Nd4 Bxd4 24. cxd4 a6 25. e4 Qg4 26. exd5 Rg6 27. g3 Rh6 28. Qd2 Rd8 29. d6 f6 30. Rxa6 Kh8 31. Rda1 Qf3 32. Qe3 Qd5 33. e6 Qh5 34. h4 Rg8 35. Ra8 1-0


[Site "https://www.chess.com"]

[Event "Titled Tuesday Blitz June 21 Late 2022"]
[White "Kanyamarala, Trisha"]
[Black "Capp, Stephen"]
[WhiteFideId "45004722"]
[BlackFideId "2027089"]
[WhiteElo "2134"]
[BlackElo "2111"]
[Result "0-1"]
[Round "07"]
[TimeControl "180+1"]
[Date "2022.06.22"]
[WhiteClock "0:00:05"]
[BlackClock "0:00:06"]

1. d4 Nf6 2. c4 e6 3. Nc3 Bb4 4. Nf3 c5 5. d5 d6 6. Bg5 Bxc3+ 7. bxc3 e5 8. e4 Nbd7 9. Bd3 h6 10. Bh4 Nf8 11. O-O Ng6 12. Bg3 O-O 13. Nh4 Nxh4 14. Bxh4 g5 15. Bg3 Qe7 16. h4 g4 17. Qd2 Kg7 18. f4 Nh5 19. Qe3 Nxg3 20. Qxg3 h5 21. fxe5 Qxe5 22. Qe3 f6 23. Bc2 Bd7 24. Rf2 Rae8 25. Raf1 Re7 26. Qd2 Ref7 27. Rf5 Bxf5 28. Rxf5 Qg3 29. Rxh5 Rh8 30. Rxh8 Kxh8 31. Qh6+ Kg8 32. Qg6+ Kf8 33. Qh6+ Ke7 34. h5 Qe1+ 35. Kh2 Qh4+ 36. Kg1 g3 37. Kf1 Qh1+ 38. Ke2 Qxg2+ 39. Kd1 Qf1+ 40. Kd2 g2 41. Bd3 Qf2+ 42. Be2 g1=Q 43. Qg6 Qe3+ 44. Kc2 Qgc1+ 0-1


[Site "https://www.chess.com"]

[Event "Titled Tuesday Blitz June 21 Late 2022"]
[White "Keymer, Vincent"]
[Black "Fishbein, Alexander"]
[WhiteFideId "12940690"]
[BlackFideId "2000377"]
[WhiteElo "2548"]
[BlackElo "2442"]
[Result "*"]
[Round "07"]
[TimeControl "180+1"]
[Date "2022.06.21"]
[WhiteClock "0:01:21"]
[BlackClock "0:00:50"]

1. Nf3 Nf6 2. c4 c5 3. Nc3 b6 4. g3 Bb7 5. Bg2 g6 6. b3 Bg7 7. Bb2 O-O 8. O-O Nc6 9. e3 d5 10. Nxd5 Nxd5 11. Bxg7 Kxg7 12. cxd5 Qxd5 13. d4 Rad8 14. Rc1 Qh5 15. Nd2 Qxd1 16. Rfxd1 Na5 17. dxc5 Bxg2 18. Kxg2 Rd5 19. cxb6 axb6 20. Ne4 Rfd8 21. Rxd5 Rxd5 22. Rc7 Re5 23. Nc3 Re6 24. Nd5 Kf8 25. b4 Nc6 26. Rc8+ Kg7 27. Nc7 Re5 28. Ne8+ Kf8 29. Nd6+ *


[Site "https://www.chess.com"]

[Event "Titled Tuesday Blitz June 21 Late 2022"]
[White "Khismatullin, Denis"]
[Black "So, Wesley"]
[WhiteFideId "4142578"]
[BlackFideId "5202213"]
[WhiteElo "2543"]
[BlackElo "2742"]
[Result "0-1"]
[Round "07"]
[TimeControl "180+1"]
[Date "2022.06.21"]
[WhiteClock "0:00:20"]
[BlackClock "0:00:15"]

1. Nf3 d5 2. e3 Nf6 3. c4 e6 4. b3 Be7 5. Bb2 O-O 6. Nc3 c5 7. cxd5 Nxd5 8. Qb1 b6 9. h4 f5 10. Nxd5 exd5 11. d4 Be6 12. g3 c4 13. Bg2 Bb4+ 14. Kf1 c3 15. Bc1 Nd7 16. Ng5 Qe7 17. Qd3 Nf6 18. a3 Bd6 19. Nxe6 Qxe6 20. Qxc3 Ne4 21. Qd3 Rac8 22. Bd2 Rc6 23. Bf3 Rfc8 24. Bd1 Bxg3 25. fxg3 Nxg3+ 26. Kg2 Nxh1 27. Kxh1 f4 28. exf4 Qf6 29. Be1 Qxf4 30. Bg3 Qf6 31. Bf3 Rc3 32. Bxd5+ Kh8 33. Qa6 Qxd4 34. Bg2 Re8 35. Bh2 Rc2 36. Rg1 Qxh4 37. Qxa7 Rxg2 38. Kxg2 Re2+ 39. Kf3 Qe4+ 40. Kg3 Re3+ 41. Kf2 Qf3# 0-1


[Site "https://www.chess.com"]

[Event "Titled Tuesday Blitz June 21 Late 2022"]
[White "Koellner, Ruben Gideon"]
[Black "Tanenbaum, Zachary"]
[WhiteFideId "12993093"]
[BlackFideId "2060850"]
[WhiteElo "2555"]
[BlackElo "2710"]
[Result "1/2-1/2"]
[Round "07"]
[TimeControl "180+1"]
[Date "2022.06.22"]
[WhiteClock "0:01:19"]
[BlackClock "0:01:27"]

1. d4 d5 2. Nf3 Bf5 3. e3 e6 4. Bd3 Bg6 5. Ne5 Nd7 6. f4 Nxe5 7. fxe5 f6 8. Bxg6+ hxg6 9. Qg4 Kf7 10. O-O Nh6 11. Qf3 c5 12. c3 cxd4 13. exd4 Rc8 14. Bxh6 Rxh6 15. Nd2 g5 16. exf6 gxf6 17. Rae1 Bd6 18. h3 Bb8 19. Qg4 Qd6 20. Nf3 Rg8 21. Re2 Rh4 22. Nxh4 gxh4 23. Qh5+ Rg6 24. Qh7+ Kf8 25. Qxg6 Qh2+ 26. Kf2 Qf4+ 27. Ke1 Qc1+ 28. Kf2 Qf4+ 29. Kg1 Qh2+ 30. Kf2 Qf4+ 1/2-1/2


[Site "https://www.chess.com"]

[Event "Titled Tuesday Blitz June 21 Late 2022"]
[White "Konaplev, Anton"]
[Black "Mendonca, Leon Luke"]
[WhiteFideId "24165646"]
[BlackFideId "35028561"]
[WhiteElo "2208"]
[BlackElo "2152"]
[Result "0-1"]
[Round "07"]
[TimeControl "180+1"]
[Date "2022.06.22"]
[WhiteClock "0:00:03"]
[BlackClock "0:00:10"]

1. e4 c5 2. Nf3 d6 3. d4 cxd4 4. Nxd4 Nf6 5. Nc3 Bd7 6. Be3 Nc6 7. f3 e6 8. Ndb5 Qb8 9. Bf4 Ne5 10. Be2 a6 11. Nd4 Be7 12. O-O O-O 13. Qd2 b5 14. a3 Qb7 15. Kh1 Rac8 16. Nb3 Nc4 17. Qc1 Qc7 18. Rd1 h6 19. Bxc4 bxc4 20. Nd2 Qb7 21. Nf1 Qb6 22. Rb1 Rfd8 23. Qe3 Qxe3 24. Nxe3 Be8 25. g4 Rc6 26. Rd2 Nd7 27. Rbd1 Nb6 28. a4 Nc8 29. Kg2 g5 30. Bg3 Rd7 31. Kf2 Rb7 32. Rb1 Bf6 33. Ncd1 c3 34. Rd3 cxb2 35. c4 Nb6 36. Bxd6 Nxc4 37. Nxc4 Rxc4 38. Rd2 Bxa4 39. Nxb2 Bc2 40. Nxc4 Bxb1 41. e5 Bd8 42. Ne3 Bb6 43. Ke2 Bg6 44. Rb2 a5 45. Bc5 Bxc5 46. Rxb7 a4 47. Rb8+ Kg7 48. Ra8 a3 49. Nc4 Bb1 50. Nxa3 Ba2 51. Nc2 Bc4+ 52. Kd2 Bg1 53. Ne3 Bb5 54. Ra5 Bc6 55. Rc5 Bxf3 56. Rc1 Bxh2 57. Kd3 Bf4 58. Rf1 Bc6 59. Nc4 Bd5 60. Kd4 Bg3 61. Rd1 Kg6 62. Rd3 Bf4 63. Ra3 Bxc4 64. Kxc4 Bxe5 65. Kd3 h5 66. gxh5+ Kxh5 67. Ke4 Bf4 68. Rh3+ Kg6 69. Rh8 f5+ 70. Kf3 Be5 71. Rg8+ Kf6 72. Rc8 g4+ 73. Kg2 Kg5 74. Rg8+ Kf6 75. Rc8 Bf4 76. Rc4 e5 77. Rc6+ Kg5 78. Ra6 e4 79. Re6 Bc7 80. Re8 Kf4 81. Rc8 Bb6 82. Rc6 Bd4 83. Rc4 Ke3 84. Rc6 f4 85. Ra6 g3 86. Kf1 f3 87. Ra3+ Kf4 88. Ra4 g2+ 89. Ke1 Be3 0-1


[Site "https://www.chess.com"]